 Dungeon Crawl Stone Soup version 0.31.0-9-g3a7656b989 (webtiles) character file.

Game seed: 6768408771822607647

77 qw the Shooter (level 4, 0/25 HPs)
             Began as a Deep Elf Hunter on Feb 2, 2024.
             Succumbed to their own poison gas
             ... on level 2 of the Dungeon.
             The game lasted 00:00:05 (1034 turns).

qw the Shooter (Deep Elf Hunter)                    Turns: 1034, Time: 00:00:06

Health: 0/25       AC:  6    Str:  7 (10) XL:     4   Next: 13%
Magic:  6/6        EV: 10    Int: 11 (14) God:
Gold:   74         SH:  0    Dex: 15 (18) Spells: 3/3 levels left

rFire   . . .        a - +0 shortbow
rCold   . . .        (shield currently unavailable)
rNeg    . . .        d - +1 ring mail
rPois   .            (helmet restricted)
rElec   .            (no cloak)
rCorr   .            (no gloves)
SInv    .            (no boots)
Will    .....        (no amulet)
Stlth   +            (no ring)
HPRegen 0.24/turn    (no ring)
MPRegen 0.10/turn

%: no passive effects
@: lethally poisoned (0 -> -3)
A: horns 1, talons 1, inhibited regeneration
a: no special abilities


You were on level 2 of the Dungeon.
You visited 1 branch of the dungeon, and saw 2 of its levels.

You collected 74 gold pieces.


Innate Abilities, Weirdness & Mutations

You have a pair of small horns on your head.
You have sharp toenails.
You do not regenerate when monsters are visible.


   Skills:
 - Level 1.5 Fighting
 + Level 7.5 Ranged Weapons
 - Level 2.4 Dodging
 - Level 1.2 Stealth


You had 3 spell levels left.
You didn't know any spells.
Your spell library was empty.

Inventory:

Hand Weapons
 a - a +0 shortbow (weapon)
Armour
 d - a +1 ring mail (worn)
Wands
 f - a wand of quicksilver (6)
Scrolls
 b - 4 scrolls of teleportation
Potions
 j - a potion of heal wounds {unknown}
 k - a potion of haste
 m - a potion of curing {unknown}
 n - a potion of ambrosia {unknown}

Dungeon Overview and Level Annotations

Branches:
Dungeon (2/15)

Altars:


Message History

1024 ||| DROPPING potion of lignification.
You drop a potion of lignification.
Done exploring.
1025 ||| DROPPING potion of degeneration.
You drop a potion of degeneration.
Done exploring.
What level of the Dungeon? (default 2, ? - help) Sorry, I don't know how to get there.
Enter note:
Enter note:
Enter note:
Enter note:
Enter note:
Enter note:
Enter note:
Enter note:
Enter note:
Enter note:
Enter note:
Enter note: You are engulfed in poison gas.
You are poisoned.
You feel very sick.
1027 ||| Stepping ~*~*~tactically~*~*~ (cloud).
You feel very sick.
Things that are here:
a potion of degeneration; a potion of lignification; an amulet of magic regeneration
There is a lethal amount of poison in your body!
You feel very sick.
There is a lethal amount of poison in your body!
You feel sick.
There is a lethal amount of poison in your body!
You feel sick.
There is a lethal amount of poison in your body!
You feel sick.
There is a lethal amount of poison in your body!
You feel sick.
There is a lethal amount of poison in your body!
You feel sick.
There is a lethal amount of poison in your body!
You die...

#.......#.#.#..
#..............
########0.00.###...#..
##0¤..0.00.0### #......
##0..00.0.00¤0## #......
#0000.00.0..0¤0# #......
#0..0..00...00.# #..####
#00..0.0...0¤00# #..# #.
#..0000@.000...###.## #.
#..0¤.00.00..¤0.##.####.
##0.00000.00.........##.
##0..0¤.00.0.0......##.
########0##00.........
#00.........##.
####.......>##.
#........##.
#..>.....##.


There were no monsters in sight!

Vanquished Creatures
  2 adders (D:2)
  3 dart slugs
  5 ball pythons
  3 endoplasms (D:2)
  A giant cockroach (D:1)
  6 goblins
  8 hobgoblins
  3 jackals (D:1)
  2 quokkas (D:1)
  4 bats
  3 frilled lizards
  A kobold (D:1)
  8 rats
49 creatures vanquished.

Notes
Turn   | Place    | Note
-------+----------+-------------------------------------------
     0 | D:1      | qw the Deep Elf Hunter began the quest for the Orb.
     0 | D:1      | Reached XP level 1. HP: 12/12 MP: 3/3
     0 | D:1      | 0 ||| qw: Version: 0.3-a-155-g5e7d8dd
     0 | D:1      | 0 ||| qw: Game counter: 2761
     0 | D:1      | 0 ||| qw: Melee chars always use a shield: true
     0 | D:1      | 0 ||| qw: God list: Okawaru
     0 | D:1      | 0 ||| qw: Allow faded altars: false
     0 | D:1      | 0 ||| qw: Do Orc after clearing Dungeon:15 true
     0 | D:1      | 0 ||| qw: Do second Lair branch before Depths: true
     0 | D:1      | 0 ||| qw: Lair rune preference: random
     0 | D:1      | 0 ||| qw: Goals: Normal
     0 | D:1      | 0 ||| PLANNING D:1-11
    29 | D:1      | Reached XP level 2. HP: 16/16 MP: 4/4
    34 | D:1      | Reached skill level 6 in Ranged Weapons
    80 | D:1      | 80 ||| RETREEEEATING.
    81 | D:1      | 81 ||| RETREEEEATING.
    82 | D:1      | 82 ||| RETREEEEATING.
    83 | D:1      | 83 ||| RETREEEEATING.
    84 | D:1      | 84 ||| RETREEEEATING.
    85 | D:1      | 85 ||| RETREEEEATING.
    86 | D:1      | 86 ||| RETREEEEATING.
   261 | D:1      | Reached XP level 3. HP: 20/20 MP: 5/5
   578 | D:1      | 578 ||| UPGRADING to +0 ring mail.
   588 | D:1      | 588 ||| DROPPING +0 leather armour.
   589 | D:1      | 589 ||| READING scroll labelled OGUWKU IMUU.
   593 | D:1      | 593 ||| READING scroll labelled BIPAJA BOASH.
   593 | D:1      | 593 ||| ENCHANTING +0 ring mail.
   594 | D:1      | 594 ||| READING scroll labelled VYROZXEMM QURE.
   595 | D:1      | 595 ||| DRINKING 2 metallic golden potions.
   596 | D:1      | 596 ||| DROPPING scroll of butterflies.
   641 | D:2      | Reached skill level 7 in Ranged Weapons
   759 | D:2      | Reached XP level 4. HP: 25/25 MP: 6/6
  1017 | D:2      | 1017 ||| DROPPING amulet of magic regeneration.
  1018 | D:2      | 1018 ||| READING scroll labelled QITEDAAZIUFO.
  1018 | D:2      | 1018 ||| IDENTIFYING glowing yellow potion
  1019 | D:2      | 1019 ||| READING scroll labelled KEICKO FAACLYSCH.
  1020 | D:2      | 1020 ||| READING scroll labelled ZOILICW JABOW.
  1021 | D:2      | 1021 ||| DRINKING 2 bubbling amethyst potions.
  1021 | D:2      | Gained mutation: You are dopey. (Int -2) [potion of
                  | mutation]
  1021 | D:2      | Gained mutation: You are covered in fur. (AC +1) [potion of
                  | mutation]
  1021 | D:2      | Gained mutation: You do not regenerate when monsters are
                  | visible. [potion of mutation]
  1022 | D:2      | 1022 ||| DRINKING potion of mutation.
  1022 | D:2      | Lost mutation: You are dopey. (Int -2) [potion of mutation]
  1022 | D:2      | Lost mutation: You are covered in fur. (AC +1) [potion of
                  | mutation]
  1022 | D:2      | Gained mutation: You have a pair of small horns on your
                  | head. [potion of mutation]
  1022 | D:2      | Gained mutation: You have sharp toenails. [potion of
                  | mutation]
  1023 | D:2      | 1023 ||| DRINKING 2 fizzy grey potions.
  1024 | D:2      | 1024 ||| DROPPING potion of lignification.
  1025 | D:2      | 1025 ||| DROPPING potion of degeneration.
  1027 | D:2      | 1027 ||| Stepping ~*~*~tactically~*~*~ (cloud).
  1029 | D:2      | HP: 6/25 [poisoned by you (poison gas)]
  1032 | D:2      | HP: 2/25 [poisoned by you (poison gas)]
  1034 | D:2      | Succumbed to their own poison gas

Levels and vault maps discovered:
D:1:      minmay_arrival_radiant_lines, layout_loops_ring
D:2:      layout_rooms

Skill      XL: |  1  2  3 |
---------------+----------+-----
Ranged Weapons | 6 7 |  7.5
Fighting       | |  1.5
Dodging        | |  2.4
Stealth        | |  1.2

Action                     |  1- 3 |  4- 6 || total
---------------------------+-------+-------++-------
   Fire: Shortbow          |    97 |    12 ||   109
    Use: Scroll            |     3 |     3 ||     6
         Potion            |     1 |     3 ||     4
 Armour: Leather armour    |     8 |       ||     8
         Ring mail         |     3 |     2 ||     5
  Dodge: Dodged            |    23 |     1 ||    24

Table legend:
 A = Non-vault XP
 B = Vault XP
 C = Vault XP percentage of total XP
 D = Non-vault monster count
 E = Vault monster count
 F = Vault count percentage of total count
                 A         B        C        D         E       F
            +---------+---------+-------+---------+---------+-------
      Total |     110 |       0 |   0.0 |      49 |       0 |   0.0
            +---------+---------+-------+---------+---------+-------
        D:1 |      57 |       0 |   0.0 |      32 |       0 |   0.0
        D:2 |      53 |       0 |   0.0 |      17 |       0 |   0.0
            +---------+---------+-------+---------+---------+-------
